 Dungeon Crawl Stone Soup version 0.29-a0-362-g5854e031c7 (webtiles) character file.

Game seed: 14880310552912537881

8 spaghetti the Sneak (level 2, 15/15 HPs)
             Began as a Vine Stalker Brigand on Apr 29, 2022.
             Was a Follower of the Shining One.
             Quit the game on level 1 of the Dungeon.
             The game lasted 00:01:01 (851 turns).

spaghetti the Sneak (Vine Stalker Brigand)           Turns: 851, Time: 00:01:01

Health: 15/15      AC:  3    Str: 13    XL:     2   Next: 8%
Magic:  3/3        EV: 11    Int: 11    God:    the Shining One [*.....]
Gold:   101        SH:  0    Dex: 15    Spells: 1/1 levels left

rFire   . . .      SeeInvis .   a - +2 dagger {short}
rCold   . . .      Faith    .   (no shield)
rNeg    . . .      Spirit   +   b - +0 robe
rPois   .          Reflect  .   (no helmet)
rElec   .          Harm     .   c - +0 cloak
rCorr   .          Rampage  .   (no gloves)
Will    .....                   (no boots)
Stlth   +.........              (no amulet)
HPRegen 0.05/turn               (no ring)
MPRegen 0.08/turn               (no ring)

@: about to teleport, glowing
A: fangs 2, magic shield, antimagic bite, no potion heal 2
a: Renounce Religion, Divine Shield


You were on level 1 of the Dungeon.
You worshipped the Shining One.
The Shining One was aware of your devotion.
You visited 1 branch of the dungeon, and saw 1 of its levels.

You collected 101 gold pieces.


Innate Abilities, Weirdness & Mutations

You have extremely sharp teeth.
When hurt, damage is shared between your health and your magic reserves.
Your bite disrupts and absorbs the magic of your enemies.
Potions cannot restore your health.


   Skills:
 - Level 1.7 Fighting
 - Level 1.7 Short Blades
 + Level 2.0 Throwing
 - Level 0.7 Dodging
 * Level 5.3 Stealth


You had one spell level left.
You didn't know any spells.
Your spell library was empty.

Inventory:

Hand Weapons
 a - a +2 dagger (weapon) {short}
Missiles
 d - 9 poisoned darts {throwing}
 e - 3 curare-tipped darts {=fthrowing}
 f - 68 stones (quivered) {throwing}
Armour
 b - a +0 robe (worn)
 c - a +0 cloak (worn)
Magical Staves
 m - a staff of earth {!astaff}
   (You found it on level 1 of the Dungeon)
Jewellery
 n - a ring of poison resistance
   (You found it on level 1 of the Dungeon)
Scrolls
 h - a scroll of immolation {!r!r}
 i - a scroll of silence {!r}
 l - a scroll of teleportation {@r4}
Potions
 g - a potion of curing {unknown}
 j - a potion of resistance {unknown}

Dungeon Overview and Level Annotations

Branches:
Dungeon (1/15)

Altars:
The Shining One

♣♣♣♣ ♣.♣....# #.........#
♣♣♣♣...#..#######.....###
♣♣♣....##...........###....
♣♣♣....####.#########.###.#.#
♣♣♣......####.#########.....#.#
♣♣♣.............#...........#.#.#
........#..###....########..#.#.#
.....#..#......#..# #..#.#.#
..#####.#.####..@.########.......
### #.#.####.##.##.....#.......
#.#.....#......###.#.......
#.######.##.#### #.#.#.##.# # #.#
#.##.# #.#.#.##.# # #.# #.##.#
#.#.#.##.# # #.# #.##.#
#........# # #.#
#.##.########.#.#### # #.#
#.##..........#.# #


There were no monsters in sight!


Message History

No target in view!
No target in view!
You now have 73 gold pieces (gained 9).
You now have 84 gold pieces (gained 11).
Key pressed, stopping explore.
Key pressed, stopping explore.
f - 65 stones {throwing} (gained 22)
l - 2 scrolls labelled BIRYIPLASE (gained 1)
You now have 99 gold pieces (gained 15).
You now have 101 gold pieces (gained 2).
A kobold and a frilled lizard come into view.
Found an escape hatch in the floor.
The kobold shouts!
The frilled lizard hisses angrily.
The kobold throws a stone.
The stone closely misses you.
There are monsters nearby!
You throw a stone {throwing}. The stone {throwing} hits the kobold.
The kobold throws a stone.
The stone hits you but does no damage.
You throw a stone {throwing}.
The stone {throwing} hits the frilled lizard.
You throw a stone {throwing}.
The stone {throwing} barely misses the frilled lizard.
The kobold throws a stone.
The stone hits you.
You are too injured to fight recklessly!
You are too injured to fight recklessly! 😕 HP[-1]
You take 1 damage, and now have 10/11 hp.
You are too injured to fight recklessly!
You are too injured to fight recklessly!
You are too injured to fight recklessly!
You are too injured to fight recklessly!
You are too injured to fight recklessly!
You are too injured to fight recklessly!
You are too injured to fight recklessly!
You are too injured to fight recklessly!
You are too injured to fight recklessly!
You are too injured to fight recklessly!
You are too injured to fight recklessly!
You are too injured to fight recklessly!
You are too injured to fight recklessly!
You are too injured to fight recklessly!
You are too injured to fight recklessly!
You are too injured to fight recklessly!
You are too injured to fight recklessly!
You are too injured to fight recklessly!
You are too injured to fight recklessly!
You are too injured to fight recklessly!
You are too injured to fight recklessly!
You are too injured to fight recklessly!
You are too injured to fight recklessly!
You are too injured to fight recklessly!
You are too injured to fight recklessly!
You are too injured to fight recklessly!
You are too injured to fight recklessly!
Unknown command.
The frilled lizard bites you. 😕 MP[-1]
You lost 1 mp, and now have 1/2 mp.
You hit the frilled lizard.
You kill the frilled lizard!
The kobold throws a stone.
The stone closely misses you.
You have reached level 2! 😕 HP[+3]
You now have 15 max hp (+4).
You regained 3 hp, and now have 13/15 hp.
The kobold barely misses you.
You see here a frilled lizard corpse.
You hit the kobold.
You kill the kobold! 😕 HP[+1]
m - a staff of earth {!astaff} You see here a frilled lizard corpse.
f - 65 stones {throwing} (gained 3)
Things that are here:
a +0 dagger {short}; a kobold corpse 😎 HP[+1] MP[+2]
Your hp is fully restored (15).
Your mp is fully restored (3).
f - 66 stones {throwing} (gained 1)
f - 67 stones {throwing} (gained 1)
f - 68 stones {throwing} (gained 1)
There is an escape hatch in the floor here.
n - a ring of poison resistance Key pressed, stopping explore.
There is an escape hatch in the floor here.
o - a scroll labelled NEDWUA XUFA Key pressed, stopping explore.
There is a stone staircase leading down here.
Key pressed, stopping explore.
Key pressed, stopping explore.
Key pressed, stopping explore.
As you read the scroll labelled NEDWUA XUFA, it crumbles to dust.
It is a scroll of identify.
i - a scroll of silence
As you read the scroll labelled LAVILO VOODGHA, it crumbles to dust.
You hear a loud clanging noise!
It was a scroll of noise.
As you read the scroll labelled BIRYIPLASE, it crumbles to dust.
You feel strangely unstable.
It was a scroll of teleportation.
Unknown command.
Are you sure you want to abandon this character and quit the game? (Confirm with "yes".)

Skill      XL: |  1 |
---------------+----+-----
Stealth        | 5 |  5.3
Throwing       | 2 |  2.0
Fighting       | |  1.7
Short Blades   | |  1.7
Dodging        | |  0.7

Action                   || total
-------------------------++-------
Melee: Dagger            ||    15
       Bite              ||     2
Throw: Stone             ||    24
  Use: Scroll            ||     3
 Stab: Sleeping          ||     1
Armor: Robe              ||     4
Dodge: Dodged            ||     9

Levels and vault maps discovered:
D:1:      kilobyte_arrival_exit_the_forest, layout_loops_ring,
          hellmonk_ecumenical_altar_blasted, serial_bayou_pond_a,
          kennysheep_small_spiral

Notes
Turn   | Place    | Note
-------+----------+-------------------------------------------
     0 | D:1      | spaghetti the Vine Stalker Brigand began the quest for the
                  | Orb.
     0 | D:1      | Reached XP level 1. HP: 11/11 MP: 2/2
     0 | D:1      | magus.rc [v1.9.6]
   156 | D:1      | Reached skill level 5 in Stealth
   243 | D:1      | Found a faded altar of an unknown god.
   278 | D:1      | Prayed at the altar of an unknown god.
   278 | D:1      | Became a worshipper of the Shining One
   278 | D:1      | Reached * piety under the Shining One
   353 | D:1      | Reached skill level 2 in Throwing
   605 | D:1      | Reached XP level 2. HP: 13/15 MP: 1/3
   851 | D:1      | Quit the game

Vanquished Creatures
  A ball python (D:1)
  2 bats (D:1)
  A frilled lizard (D:1)
  A goblin (D:1)
  4 kobolds (D:1)
  A rat (D:1)
10 creatures vanquished.

Table legend:
 A = Non-vault XP
 B = Vault XP
 C = Vault XP percentage of total XP
 D = Non-vault monster count
 E = Vault monster count
 F = Vault count percentage of total count
                 A         B        C        D         E       F
            +---------+---------+-------+---------+---------+-------
      Total |      12 |       0 |   0.0 |      10 |       0 |   0.0
            +---------+---------+-------+---------+---------+-------
        D:1 |      12 |       0 |   0.0 |      10 |       0 |   0.0
            +---------+---------+-------+---------+---------+-------

Illustrated notes

Table legend:
 A = Kills in this place as a percentage of kills in entire the game.
 B = Kills by you in this place as a percentage of kills by you in the entire game.
 C = Kills by friends in this place as a percentage of kills by friends in the entire game.
 D = Other kills in this place as a percentage of other kills in the entire game.
 E = Experience gained in this place as a percentage of experience gained in the entire game.
 F = Experience gained in this place divided by the number of levels of this place that you have seen.
                   A       B       C       D       E      F
               +-------+-------+-------+-------+-------+----------------------
         Total | 100.0 | 100.0 |   N/A |   N/A | 100.0 |  12.0
       Dungeon | 100.0 | 100.0 |   N/A |   N/A | 100.0 |  12.0
               +-------+-------+-------+-------+-------+----------------------

Table legend: (Time is in decaauts)
 A = Elapsed time spent in this place.
 B = Non-inter-level travel time spent in this place.
 C = Inter-level travel time spent in this place.
 D = Time resting spent in this place.
 E = Time spent auto-exploring this place.
 F = Levels seen in this place.
 G = Mean time per level.
                   A        B        C        D        E       F      G
               +--------+--------+--------+--------+--------+-----+--------+
         Total |    851 |    851 |      0 |      0 |    763 |   1 |  851.0 |
       Dungeon |    851 |    851 |      0 |      0 |    763 |   1 |  851.0 |
               +--------+--------+--------+--------+--------+-----+--------+

Top non-repeatable levels by time:
     D:1: 851 daAuts
